 Dungeon Crawl Stone Soup version 0.25-a0-890-g62861fb195 (webtiles) character file.

Game seed: 1589027761771570232, levelgen mode: deterministic

184 Hasart the Insei (level 5, -3/35 HPs)
             Began as an Octopode Transmuter on May 2, 2020.
             Killed by divine providence
             ... invoked by an orc priest
              (15 damage)
             ... on level 4 of the Dungeon.
             The game lasted 00:05:26 (3475 turns).

Hasart the Insei (Octopode Transmuter)              Turns: 3475, Time: 00:05:26

Health: -3/35      AC:  1    Str: 14    XL:     5   Next: 63%
Magic:  0/8        EV: 14    Int: 15    God:
Gold:   221        SH:  0    Dex: 12    Spells: 2/8 levels left

rFire    . . .     SeeInvis .     - Unarmed
rCold    . . .     Gourm    .   (no shield)
rNeg     . . .     Faith    .   (helmet restricted)
rPois    .         Spirit   +   f - amulet of guardian spirit
rElec    .         Reflect  .   i - +3 ring of strength
rCorr    .         Harm     .   r - ring of protection from magic
MR       +....                  (no ring)
Stlth    ++........             (no ring)
HPRegen  0.11/turn              (no ring)
MPRegen  0.11/turn              (no ring)
                                (no ring)
                                (no ring)

@: appendage (expiring)
A: almost no armour, stealthy swim, amphibious, 8 rings, constrict 8, tentacle
spike 3, camouflage 1, gelatinous body 1
a: End Transformation


You were on level 4 of the Dungeon.
You were not hungry.
One of your tentacles had a temporary spike.
You visited 1 branch of the dungeon, and saw 4 of its levels.

You collected 221 gold pieces.

Inventory:

Missiles
 a - 40 arrows
 p - 24 poisoned darts (quivered)
Jewellery
 f - an amulet of guardian spirit (around mantle)
 i - a +3 ring of strength (left tentacle)
 r - a ring of protection from magic (right tentacle)
Scrolls
 b - 2 scrolls of identify {unknown}
 e - a scroll of immolation {unknown}
 g - a scroll of random uselessness {unknown}
 j - a scroll of remove curse {unknown}
 l - a scroll of amnesia {unknown}
 m - 2 scrolls of fog {unknown}
 n - a scroll of enchant armour {unknown}
 q - 2 scrolls of magic mapping {unknown}
Potions
 d - 2 potions of magic {unknown}
 h - a potion of mutation {unknown}
 k - 2 potions of invisibility {unknown}
 o - a potion of berserk rage {unknown}
Comestibles
 c - 9 rations
 s - 4 chunks of flesh


   Skills:
 + Level 2.4 Fighting
 + Level 3.0 Dodging
 * Level 4.6 Unarmed Combat
 - Level 2.0 Spellcasting
 + Level 2.4 Transmutations
 + Level 1.4 Poison Magic


You had 2 spell levels left.
You knew the following spells:

 Your Spells              Type           Power        Failure   Level  Hunger
a - Beastly Appendage     Tmut           #.....       9%          1    #......
b - Spider Form           Tmut/Pois      #.........   30%         3    ###....
c - Sticks to Snakes      Tmut           #.......     12%         2    ###....

Your spell library contained the following spells:

 Spells                   Type           Power        Failure   Level  Hunger
 Ice Form                 Ice/Tmut       #.......     80%         4    #####..
 Blade Hands              Tmut           #.........   92%         5    ######.


Dungeon Overview and Level Annotations

Branches:
Dungeon (4/15)
 Temple: D:4-7

Altars:
Ashenzari
Fedhas
Ru


Innate Abilities, Weirdness & Mutations

You cannot wear most types of armour.
You are very stealthy in the water. (Stealth+)
You are amphibious.
You can wear up to eight rings at the same time.
You can use your tentacles to constrict eight enemies at once.
Your skin changes colour to match your surroundings (Stealth+).
Your rubbery body absorbs attacks. (AC +1, EV +1)
One of your tentacles bears a large vicious spike.


Message History

Your grab misses the orc priest. You squeeze the orc priest.
The orc priest is heavily wounded.
The orc priest closely misses you.
Unknown command.
You barely miss the orc priest. Your grab misses the orc priest.
Your tentacle spike misses the orc priest.
The orc priest is heavily wounded.
The orc hits you with a +0 dagger.
Your adder bites the orc priest but does no damage.
Your ball python barely misses the orc priest. x2
The orc priest misses you.
You completely miss the orc priest. Your grab misses the orc priest.
You squeeze the orc priest.
The orc priest is severely wounded.
Your adder bites the orc priest but does no damage.
The orc hits you but does no damage.
Your ball python barely misses the orc priest. x2
The orc priest invokes the aid of Beogh against you.
Beogh smites you!
You die...

#...#..#.#
#...#..#.#
#####..#.#
#..#.# ##.#.#
#...# #...#
##### #...#
#...o.##@S###
#...oooS..#
#.#######.#
.# #


You could see an orc priest, 2 orcs, a friendly adder and a friendly ball
python.

Vanquished Creatures
  An orc wizard (D:4)
  5 adders
  An ooze (D:2)
  An adder zombie (D:2)
  2 adder skeletons (D:2)
  2 dart slugs
  2 leopard geckos
  9 orcs
  9 bats
  4 giant cockroaches
  4 goblins
  4 hobgoblins
  8 kobolds
  2 quokkas (D:2)
  A ball python zombie (D:2)
  A frilled lizard (D:2)
  A giant cockroach zombie (D:2)
  6 rats
63 creatures vanquished.

Vanquished Creatures (collateral kills)
  An orc priest (D:4)
  An orc (D:4)
2 creatures vanquished.

Grand Total: 65 creatures vanquished

Notes
Turn   | Place    | Note
-------+----------+-------------------------------------------
     0 | D:1      | Hasart the Octopode Transmuter began the quest for the Orb.
     0 | D:1      | Reached XP level 1. HP: 13/13 MP: 3/3
   240 | D:1      | Reached XP level 2. HP: 13/18 MP: 5/5
   984 | D:1      | Reached XP level 3. HP: 22/23 MP: 6/6
  1165 | D:2      | Found a blossoming altar of Fedhas.
  1849 | D:2      | Reached skill level 4 in Unarmed Combat
  1849 | D:2      | Reached XP level 4. HP: 29/29 MP: 7/7
  1861 | D:2      | Learned a level 3 spell: Spider Form
  1864 | D:2      | Learned a level 2 spell: Sticks to Snakes
  2489 | D:2      | Found a sacrificial altar of Ru.
  2968 | D:3      | Found a shattered altar of Ashenzari.
  3257 | D:3      | Reached XP level 5. HP: 34/34 MP: 8/8
  3378 | D:4      | Reached skill level 1 in Poison Magic
  3475 | D:4      | Killed from afar by an orc priest

Levels and vault maps discovered:
D:1:      dpeg_cavernosity, layout_basic
D:2:      layout_basic, nicolae_ru_the_path_less_chosen, serial_undead,
          serial_undead_b, serial_undead_e, serial_undead_c, serial_undead_c,
          fedhas_altar_3
D:3:      layout_basic, ashenzari_altar_1
D:4:      layout_basic, lemuel_crystal_altar, old_standard_altar, first_ration,
          serial_shops, kennysheep_little_box

Skill      XL: |  1  2  3  4  5 |
---------------+----------------+-----
Unarmed Combat | 4 |  4.6
Fighting       | 2 |  2.4
Poison Magic   | 1 |  1.4
Dodging        | 3 |  3.0
Spellcasting   | |  2.0
Transmutations | |  2.4

Action                   |  1- 3 |  4- 6 || total
-------------------------+-------+-------++-------
Melee: Unarmed           |    82 |    81 ||   163
       Constrict         |    24 |    16 ||    40
       Tentacles         |    15 |    17 ||    32
       Punch             |     2 |       ||     2
       Kick              |       |     4 ||     4
Throw: Dart              |       |     6 ||     6
 Cast: Beastly Appendage |       |     3 ||     3
       Sticks to Snakes  |       |     2 ||     2
 Stab: Sleeping          |     2 |     7 ||     9
  Eat: Chunk             |     3 |     5 ||     8
Armor: Skin              |     6 |     5 ||    11
Dodge: Dodged            |    62 |    40 ||   102

Table legend:
 A = Non-vault XP
 B = Vault XP
 C = Vault XP percentage of total XP
 D = Non-vault monster count
 E = Vault monster count
 F = Vault count percentage of total count
                 A         B        C        D         E       F
            +---------+---------+-------+---------+---------+-------
      Total |     238 |      25 |   9.5 |      56 |       9 |  13.8
            +---------+---------+-------+---------+---------+-------
        D:1 |      27 |       7 |  20.6 |      13 |       4 |  23.5
        D:2 |      65 |      18 |  21.7 |      18 |       5 |  21.7
        D:3 |      52 |       0 |   0.0 |      16 |       0 |   0.0
        D:4 |      94 |       0 |   0.0 |       9 |       0 |   0.0
            +---------+---------+-------+---------+---------+-------
